 Dungeon Crawl Stone Soup version 0.18.1-48-g4cf74bf (webtiles) character file.

151162 glosham the Severer (level 17, -10/129 HPs)
             Began as a Vampire Abyssal Knight on July 28, 2016.
             Was the Champion of Lugonu.
             Shot with a bolt by Vashnia (35 damage)
             ... on level 4 of the Snake Pit on July 30, 2016.
             The game lasted 08:20:38 (30683 turns).

glosham the Severer (Vampire Abyssal Knight)       Turns: 30683, Time: 08:20:39

Health: -10/129    AC: 20    Str: 14    XL:     17   Next: 0%
Magic:  23/24      EV: 19    Int: 19    God:    Lugonu [******]
Gold:   1594       SH:  0    Dex: 17    Spells: 4 memorised, 8 levels left

rFire  + + +     SeeInvis +     a - +8 halberd of the Boiling Point {chop, rPois rN+}
rCold  . . .     Gourm    .     X - +5 scale mail of Cheibriados's Approval {+Inv rElec SInv}
rNeg   + + +     Faith    .     (shield currently unavailable)
rPois  +         Spirit   .     U - +2 hat
rElec  +         Dismiss  .     Y - +0 cloak of Summer {rElec Regen+}
rCorr  +         Reflect  .     V - +1 pair of gloves of Lilacs {rF+ rN+ MR+ Dex+2}
SustAt .         Harm     .     W - +2 pair of boots
MR     +++++     Clarity  +     z - amulet of the Four Winds {rN+ MR+++ Clar}
Stlth  ++........               B - +2 ring of strength
                                A - ring "Natid" {rCorr *Confuse rF+++ Slay+2}

@: very slightly contaminated, regenerating very quickly, invisible, almost
entirely resistant to hostile enchantments, unstealthy
A: fangs 3, see invisible, unbreathing
a: Depart the Abyss, Bend Space, Banish, Corrupt, Enter the Abyss, Brand Weapon
With Distortion, Renounce Religion, Turn Visible


You were on level 4 of the Snake Pit.
You worshipped Lugonu.
Lugonu was exalted by your worship.
You were almost alive.

You visited 4 branches of the dungeon, and saw 29 of its levels.
You visited the Abyss 1 time.
You also visited: Ossuary and Ice Cave.

You collected 3244 gold pieces.
You spent 1650 gold pieces at shops.

Inventory:

Hand Weapons
 a - the +8 halberd of the Boiling Point (weapon) {chop, rPois rN+}
   (You bought it in a shop on level 2 of the Orcish Mines)

   It inflicts extra damage upon your enemies.
   It protects you from poison.
   It protects you from negative energy.
 b - a +7 broad axe
 c - a +0 war axe of flaming
 d - a +3 glaive of distortion
 e - a +3 antimagic halberd
 N - a +2 broad axe of electrocution
Armour
 R - a +4 troll leather armour
 U - a +2 hat (worn)
 V - the +1 pair of gloves of Lilacs (worn) {rF+ rN+ MR+ Dex+2}
   (You found it in an ice cave)

   It affects your dexterity (+2).
   It protects you from fire.
   It protects you from negative energy.
   It affects your resistance to hostile enchantments.
 W - a +2 pair of boots (worn)
 X - the +5 scale mail of Cheibriados's Approval (worn) {+Inv rElec SInv}
   (You found it on level 1 of the Snake Pit)

   It insulates you from electricity.
   It lets you see invisible.
   It lets you turn invisible.
 Y - the +0 cloak of Summer (worn) {rElec Regen+}
   (You found it on level 2 of the Lair of Beasts)

   It insulates you from electricity.
   It increases your rate of regeneration.
Magical Staves
 P - an uncursed staff of fire
Jewellery
 z - the amulet of the Four Winds (around neck) {rN+ MR+++ Clar}
   (You bought it in a shop on level 13 of the Dungeon)

   [amulet of nothing]

   It protects you from negative energy.
   It affects your resistance to hostile enchantments.
   It protects you against confusion.
 A - the ring "Natid" (left hand) {rCorr *Confuse rF+++ Slay+2}
   (You found it in an ice cave)

   [ring of resist corrosion]

   It affects your accuracy and damage with ranged weapons and melee attacks
   (+2).
   It renders you almost immune to fire.
   It may confuse you when you take damage.
 B - a +2 ring of strength (right hand)
 C - an uncursed ring of protection from cold
 D - an uncursed ring of protection from cold
 F - an uncursed ring of flight
 M - an uncursed ring of wizardry
 S - an uncursed ring of sustain attributes
Wands
 g - a wand of teleportation (6/9)
 h - a wand of hasting (4/9)
 i - a wand of digging (7/24)
 j - a wand of disintegration (3/24)
 L - a wand of paralysis (15/24)
 O - a wand of paralysis (13/24)
Scrolls
 f - 5 scrolls of immolation
 k - 8 scrolls of teleportation
 l - 2 scrolls of blinking
 m - 6 scrolls of fog
 n - 7 scrolls of fear
 o - 3 scrolls of remove curse
 p - 11 scrolls of identify
 E - 4 scrolls of recharging
 G - 4 scrolls of silence {!r}
Potions
 q - 53 potions of blood
 r - 5 potions of heal wounds
 s - 17 potions of curing
 t - 5 potions of magic
 u - 3 potions of resistance
 v - 2 potions of haste
 w - 4 potions of cancellation
 x - 2 potions of agility
 y - 2 potions of might
 H - a potion of invisibility
 I - 5 potions of ambrosia
 J - 4 potions of lignification
Books
 K - a Necronomicon

   Spells                             Type                      Level
   a - Haunt                          Necromancy/Summoning         7
   b - Borgnjor's Revivification      Necromancy                   8
   c - Death's Door                   Charms/Necromancy            8
   d - Necromutation                  Transmutation/Necromancy     8
 Q - a book of the Tempests

   Spells                             Type                      Level
   a - Static Discharge               Conjuration/Air              3
   b - Lightning Bolt                 Conjuration/Air              5
   c - Fireball                       Conjuration/Fire             5
   d - Tornado                        Air                          9
   e - Shatter                        Earth                        9


   Skills:
 + Level 10.7 Fighting
   Level 2.0 Long Blades
 - Level 18.0 Axes
 + Level 3.3 Armour
 * Level 16.3 Dodging
 - Level 4.0 Stealth
 + Level 0.5 Spellcasting
 * Level 9.0 Hexes
 + Level 9.9 Invocations
 - Level 4.0 Evocations


You had 8 spell levels left.
You knew the following spells:

 Your Spells              Type           Power        Failure   Level  Hunger
c - Confuse               Hex            #####...     8%          3    ####...
q - Corona                Hex            #####..      1%          1    ##.....
t - Tukima's Dance        Hex            #####...     8%          3    ####...
w - Passwall              Trmt/Erth      #.........   95%         2    ###....


Dungeon Overview and Level Annotations

Branches:
Dungeon (15/15)            Temple (0/1) D:4            Lair (8/8) D:10
 Shoals (0/4) Lair:3        Snake (4/4) Lair:4        Slime (0/6) Lair:7
    Orc (2/2) D:12            Elf (0/3) Orc:2        Vaults (0/5) D:13
 Depths (0/5) D:15

Altars:
Ashenzari
Fedhas
Makhleb
Pakellas
Ru
Trog
Xom
Yredelemnul
Zin
Jiyva

Shops:
D:13 =!%?   D:15 %:%   Orc:2 ((}(

Annotations:
Snake:4 Vashnia


Innate Abilities, Weirdness & Mutations

Your natural rate of healing is extremely fast.
You have razor-sharp teeth.
You have supernaturally acute eyesight.
You can survive without breathing.


Message History

The naga sharpshooter is almost dead.
You barely miss the naga sharpshooter. You bite the naga sharpshooter.
The naga sharpshooter is almost dead.
The naga sharpshooter casts a spell.
The naga sharpshooter magically shoots an arrow.
The arrow hits you!
You hear a shout!
You slash the naga sharpshooter!
You kill the naga sharpshooter!
Lugonu accepts your kill.
You have reached level 17!
Drink which item? (? for menu, Esc to quit)
Okay, then.
You fail to use your ability.
You fade into invisibility!
You are very lightly contaminated with residual magic.
You feel somewhat less full.
You start resting.
Your scale mail of Cheibriados's Approval prevents you from hitting Vashnia.
Vashnia is heavily wounded.
Vashnia shoots a bolt.
The bolt misses you.
You hear a shout! x4
You slash Vashnia! Your bite misses Vashnia.
Vashnia is heavily wounded.
You barely miss Vashnia.
Vashnia is heavily wounded.
Vashnia gestures wildly while chanting.
Vashnia magically shoots a bolt.
The bolt hits you!!
* * * LOW HITPOINT WARNING * * *
You miss Vashnia.
Vashnia is heavily wounded.
Vashnia mumbles some strange words.
Vashnia magically shoots a bolt.
The bolt hits you!!
* * * LOW HITPOINT WARNING * * *
You hear a shout!
Drink which item? (? for menu, Esc to quit)
You feel much better.
You hear a shout!
Vashnia shoots a bolt.
The bolt hits you!!
You die...

#...#
##.##
#####
#..#
##.# #.#
#.# #.##
#..###
##.#N##
#..#@#
###.###
#....#
#....#
#....#
#......
#...N..#
#......#
#......#


You could see Vashnia.

Vanquished Creatures
  Norris (Snake:3)
  Rupert (Lair:8)
  Kirke (D:15)
  Aizul (Snake:2)
  A frost giant (IceCv)
  2 fire giants (D:15)
  A very ugly thing (D:12)
  Azrael (Snake:2)
  3 vault guards (D:13)
  Josephine (Lair:8)
  7 hydras
  7 naga warriors
  8 anacondas
  Erica (D:8)
  4 centaur warriors
  3 tengu warriors
  8 naga sharpshooters
  8 death yaks
  The ghost of lorenzova the Thaumaturge, a journeyman DEWz of Sif Muna (Lair:1)
  3 orc high priests (Orc:2)
  Urug (Orc:1)
  4 shock serpents
  2 salamander mystics
  An unseen horror (D:14)
  2 naga ritualists (Snake:1)
  2 wizards (D:12)
  4 hill giants
  5 orc knights
  2 mana vipers
  2 deep elf magi (D:12)
  5 griffons
  4 orc sorcerers (Orc:2)
  2 cyclopes
  3 manticores
  9 salamanders
  8 ugly things
  5 elephants (Lair:8)
  9 naga magi
  A torpor snail (Lair:4)
  27 black mambas
  6 guardian serpents
  3 gargoyles
  8 spiny frogs
  An ice statue (IceCv)
  5 rime drakes
  12 komodo dragons
  A kobold demonologist (D:13)
  2 spriggan druids
  The ghost of WarriorsX the Skirmisher, an amateur HuFi (D:3)
  10 trolls
  20 polar bears
  A two-headed ogre (D:9)
  A slime creature (D:13)
  21 blink frogs
  3 redbacks (Lair:8)
  12 spriggans
  4 wraiths (Lair:8)
  A shadow (D:14)
  2 basilisks
  56 yaks
  13 hippogriffs
  3 fire elementals (Snake:2)
  A human (D:15)
  2 hogs (D:15)
  Grum (D:10)
  2 hungry ghosts
  Eustachio (D:6)
  A steam dragon (D:7)
  A mottled dragon (D:15)
  37 nagas
  A redback simulacrum (D:15)
  A soldier ant (D:15)
  13 water moccasins
  3 wargs
  13 porcupines
  2 hell hounds
  3 eyes of draining
  23 orc warriors
  15 ice beasts
  3 sky beasts
  A necrophage (D:7)
  9 black bears
  38 wolves
  2 wasps
  12 ogres
  4 phantoms
  10 centaurs
  17 crocodiles
  4 big kobolds
  24 giant frogs
  2 wyvern zombies (Ossuary)
  A water moccasin zombie (Ossuary)
  6 scorpions
  A water moccasin skeleton (D:9)
  12 wights
  16 killer bees
  2 howler monkeys
  3 bog bodies (Ossuary)
  8 crimson imps
  4 giant frog zombies
  9 centaur zombies
  7 jellies
  4 centaur skeletons
  21 orc priests
  2 giant frog skeletons
  5 hounds
  23 orc wizards
  10 iguanas
  12 worker ants
  5 hell rats (Lair:6)
  2 killer bee zombies
  34 sheep
  A hound zombie (D:8)
  2 hound skeletons (D:6)
  11 mummies (Ossuary)
  3 worker ant zombies
  9 adders
  4 gnolls (D:3)
  A howler monkey skeleton (D:5)
  64 river rats
  A shadow imp (D:12)
  2 oozes (D:1)
  2 adder skeletons (D:6)
  4 adder zombies
  2 worms
  A dart slug (D:1)
  7 giant geckos
  62 orcs
  A ball python (D:2)
  7 giant cockroaches
  5 goblins
  8 hobgoblins
  7 jackals
  4 quokkas
  A bat (D:3)
  A giant cockroach zombie (Ossuary)
  A giant gecko zombie (Ossuary)
  3 giant newts
  2 jackal zombies
  10 kobolds
  6 rats
  5 fungi
  2 plants (Lair:6)
1019 creatures vanquished.

Vanquished Creatures (others)
  The ghost of Ferkelamun the Tortoise, a journeyman MiFi of Makhleb (D:15)
  A naga warrior (Snake:2)
  A shock serpent (Snake:2)
  A naga ritualist (Snake:2)
  2 salamanders (Snake:2)
  A polar bear (IceCv)
  2 yaks (IceCv)
  A fire elemental (Snake:2)
  2 humans (D:15)
  2 dancing weapons
  3 wolves (IceCv)
  18 fungi
  11 plants
  A withered plant (Ossuary)
47 creatures vanquished.

Grand Total: 1066 creatures vanquished

Notes
Turn   | Place    | Note
--------------------------------------------------------------
     0 | Abyss:1  | glosham the Vampire Abyssal Knight began the quest for the Orb.
     0 | Abyss:1  | Reached XP level 1. HP: 17/17 MP: 2/2
     9 | Abyss:1  | Found a corrupted altar of Lugonu.
    49 | Abyss:2  | Noticed a hellwing
    49 | Abyss:2  | Noticed a crimson imp
    67 | D:1      | Escaped the Abyss
   109 | D:1      | Reached skill level 1 in Axes
   143 | D:1      | Reached XP level 2. HP: 18/23 MP: 3/3
   360 | D:1      | Reached skill level 2 in Axes
   495 | D:1      | Reached * piety under Lugonu
   497 | D:1      | Reached XP level 3. HP: 28/28 MP: 4/4
   813 | D:2      | Reached skill level 3 in Axes
  1196 | D:2      | Reached XP level 4. HP: 33/34 MP: 5/5
  1655 | D:3      | Reached ** piety under Lugonu
  1669 | D:3      | Noticed WarriorsX's ghost (amateur HuFi)
  1685 | D:3      | HP: 3/34 [WarriorsX's ghost (8)]
  1865 | D:3      | Killed WarriorsX's ghost
  1865 | D:3      | Reached skill level 5 in Axes
  1865 | D:3      | Reached XP level 5. HP: 27/39 MP: 6/6
  1865 | D:3      | Reached XP level 6. HP: 32/46 MP: 7/7
  1942 | D:3      | Found an oddly glowing altar of Pakellas.
  2363 | D:4      | Reached skill level 6 in Axes
  2521 | D:4      | Reached XP level 7. HP: 44/51 MP: 8/8
  2599 | D:4      | Reached skill level 7 in Axes
  2647 | D:4      | Found a shattered altar of Ashenzari.
  2840 | D:4      | Reached skill level 3 in Fighting
  2946 | D:4      | Found a staircase to the Ecumenical Temple.
  3073 | D:5      | Entered Level 5 of the Dungeon
  3542 | D:5      | Reached skill level 4 in Fighting
  3572 | D:5      | Reached XP level 8. HP: 49/60 MP: 9/9
  3598 | D:5      | Reached skill level 8 in Axes
  3879 | D:5      | Reached *** piety under Lugonu
  4080 | D:6      | Reached skill level 9 in Axes
  4443 | D:6      | Reached skill level 10 in Axes
  4576 | D:6      | Noticed Eustachio
  4600 | D:6      | Killed Eustachio
  4600 | D:6      | Reached XP level 9. HP: 65/65 MP: 10/10
  4811 | D:7      | Found a sand-covered staircase.
  4839 | Ossuary  | Entered an ossuary
  4899 | Ossuary  | Reached **** piety under Lugonu
  4924 | Ossuary  | Reached skill level 11 in Axes
  5470 | D:7      | Found a burning altar of Makhleb.
  5538 | D:7      | Reached skill level 12 in Axes
  6016 | D:7      | Reached XP level 10. HP: 42/71 MP: 11/11
  6344 | D:8      | Found a blossoming altar of Fedhas.
  6505 | D:8      | Noticed Erica
  6520 | D:8      | Killed Erica
  6520 | D:8      | Reached skill level 13 in Axes
  6695 | D:8      | Found a glowing silver altar of Zin.
  6696 | D:8      | Noticed an angel
  7248 | D:9      | Reached ***** piety under Lugonu
  7652 | D:10     | Entered Level 10 of the Dungeon
  7701 | D:10     | Reached skill level 14 in Axes
  8121 | D:10     | Found a staircase to the Lair.
  8174 | D:10     | Reached XP level 11. HP: 77/77 MP: 12/12
  8211 | D:10     | Learned a level 2 spell: Passwall
  8701 | D:10     | Noticed Grum
  8712 | D:10     | Killed Grum
  8712 | D:10     | Reached skill level 15 in Axes
  9280 | D:11     | Found an oddly glowing altar of Pakellas.
  9665 | D:12     | Noticed a five-headed hydra
  9732 | D:12     | Noticed a deep elf mage
  9752 | D:12     | Killed a deep elf mage
  9949 | D:12     | Found a shimmering altar of Xom.
  9976 | D:12     | Killed a one-headed hydra
  9976 | D:12     | Reached skill level 16 in Axes
 10207 | D:12     | Found a staircase to the Orcish Mines.
 10343 | D:12     | Noticed a purple ugly thing
 10345 | D:12     | Noticed a green ugly thing
 10431 | D:12     | Reached ****** piety under Lugonu
 10442 | D:12     | Noticed a wizard
 10461 | D:12     | Killed a wizard
 10462 | D:12     | Noticed a deep elf mage
 10542 | D:12     | Killed a deep elf mage
 10591 | D:12     | Killed a green ugly thing
 10651 | D:12     | Noticed a cyan ugly thing
 10652 | D:12     | Noticed a brown very ugly thing
 10667 | D:12     | Noticed a cyan ugly thing
 10673 | D:12     | Gained mutation: You possess an exceptional clarity of mind. [helix card]
 10687 | D:12     | Killed a brown very ugly thing
 10687 | D:12     | Reached XP level 12. HP: 83/83 MP: 13/13
 11115 | D:12     | HP: 7/83 [spatial distortion (3)]
 11127 | D:12     | HP: 2/83 [cyan ugly thing (12)]
 11141 | D:12     | Reached skill level 17 in Axes
 11156 | D:12     | HP: 5/83 [purple ugly thing (5)]
 11316 | D:12     | Got a smoking chain mail
 11333 | D:12     | Identified the +4 chain mail "Balu" {SInv} (You found it on level 12 of the Dungeon)
 11458 | Lair:1   | Entered Level 1 of the Lair of Beasts
 11611 | Lair:1   | Noticed lorenzova's ghost (journeyman DEWz)
 11635 | Lair:1   | Killed lorenzova's ghost
 11826 | Lair:1   | Got a warped long sword
 11827 | Lair:1   | Identified the +5 long sword of the Abyss {flame, Int+2} (You found it on level 1 of the Lair of Beasts)
 12132 | Lair:1   | Noticed an eight-headed hydra
 12144 | Lair:1   | HP: 7/83 [six-headed hydra (9)]
 12366 | Lair:1   | Killed a one-headed hydra
 12827 | Lair:2   | Reached skill level 18 in Axes
 12940 | Lair:2   | Reached skill level 1 in Armour
 12945 | Lair:2   | Reached skill level 1 in Stealth
 12990 | Lair:2   | Reached skill level 2 in Stealth
 13067 | Lair:2   | Got a warped cloak
 13099 | Lair:2   | Identified the cursed +0 cloak of Summer {rElec Regen+} (You found it on level 2 of the Lair of Beasts)
 13109 | Lair:2   | Reached skill level 3 in Dodging
 13194 | Lair:2   | Reached skill level 3 in Stealth
 13569 | Lair:3   | Reached skill level 4 in Dodging
 13922 | Lair:3   | Reached XP level 13. HP: 90/90 MP: 14/14
 13938 | Lair:3   | Reached skill level 2 in Armour
 13964 | Lair:3   | Reached skill level 5 in Dodging
 13998 | Lair:3   | Found a staircase to the Shoals.
 14018 | Lair:3   | Reached skill level 5 in Fighting
 14031 | Lair:3   | Found a basalt altar of Yredelemnul.
 14173 | Lair:3   | Reached skill level 2 in Invocations
 14394 | Lair:4   | Reached skill level 6 in Dodging
 14771 | Lair:4   | Reached skill level 3 in Invocations
 15058 | Lair:4   | Reached skill level 7 in Dodging
 15100 | Lair:4   | Found a staircase to the Snake Pit.
 15480 | Lair:5   | Found a frozen archway.
 15607 | Lair:5   | Reached skill level 6 in Fighting
 15692 | IceCv    | Entered an ice cave
 15729 | IceCv    | Reached skill level 8 in Dodging
 15784 | IceCv    | Reached skill level 4 in Invocations
 15963 | IceCv    | Got a scorched marble ring
 15968 | IceCv    | Identified the ring "Natid" {rCorr *Confuse rF+++ Slay+2} (You found it in an ice cave)
 16192 | IceCv    | Reached skill level 9 in Dodging
 16304 | IceCv    | Noticed a frost giant
 16501 | IceCv    | Killed a frost giant
 16501 | IceCv    | Reached skill level 5 in Invocations
 16550 | IceCv    | Identified the Compendium of the Frostbite
 16554 | IceCv    | Got a pair of smoking gloves
 16569 | IceCv    | Identified the +1 pair of gloves of Lilacs {rF+ rN+ MR+ Dex+2} (You found it in an ice cave)
 17150 | Lair:5   | Reached skill level 10 in Dodging
 17198 | Lair:5   | Reached XP level 14. HP: 101/101 MP: 17/17
 17723 | Lair:6   | Reached skill level 7 in Fighting
 18866 | Lair:7   | Found a staircase to the Slime Pits.
 18867 | Lair:7   | Found a viscous altar of Jiyva.
 19006 | Lair:8   | Entered Level 8 of the Lair of Beasts
 19283 | Lair:8   | Reached skill level 11 in Dodging
 19323 | Lair:8   | Reached skill level 4 in Stealth
 19426 | Lair:8   | Noticed Josephine
 19445 | Lair:8   | Reached skill level 6 in Invocations
 19467 | Lair:8   | Killed Josephine
 19522 | Lair:8   | Reached skill level 8 in Fighting
 19817 | Lair:8   | Noticed Rupert
 19842 | Lair:8   | Killed Rupert
 19842 | Lair:8   | Reached skill level 12 in Dodging
 20066 | Lair:8   | Reached skill level 7 in Invocations
 20717 | Lair:7   | Reached XP level 15. HP: 61/112 MP: 20/20
 20728 | Lair:7   | Reached skill level 13 in Dodging
 21402 | D:13     | Found Zoitunes's Jewellery Boutique.
 21406 | D:13     | Bought an uncursed ring of sustain attributes for 262 gold pieces
 21406 | D:13     | Bought the amulet of the Four Winds {rN+ MR+++ Clar} for 448 gold pieces
 21582 | D:13     | Found a gate to the Vaults.
 21611 | D:13     | Reached skill level 9 in Fighting
 21797 | D:13     | Found Marph's Distillery.
 21803 | D:13     | Bought a potion of haste for 110 gold pieces
 21961 | D:13     | Found Musm's Food Shoppe.
 21993 | D:13     | Found Neehiaci's Magic Scroll Emporium.
 21996 | D:13     | Bought a scroll of identify for 24 gold pieces
 21996 | D:13     | Bought a scroll of identify for 24 gold pieces
 21996 | D:13     | Bought a scroll of identify for 24 gold pieces
 21996 | D:13     | Bought a scroll of identify for 24 gold pieces
 22596 | Orc:1    | Entered Level 1 of the Orcish Mines
 22669 | Orc:1    | Reached skill level 8 in Invocations
 22750 | Orc:2    | Entered Level 2 of the Orcish Mines
 23254 | Orc:2    | Found a staircase to the Elven Halls.
 23611 | Orc:2    | Reached skill level 14 in Dodging
 23752 | Orc:2    | Gained mutation: You are occasionally teleported next to monsters. [a neqoxec]
 23981 | Orc:2    | Found Ubysony's Gadget Boutique.
 23981 | Orc:2    | Found Coureo's Weapon Emporium.
 23983 | Orc:2    | Found Daeppud's Antique Weapon Emporium.
 23983 | Orc:2    | Found Wupp's Antique Weapon Boutique.
 23996 | Orc:2    | Bought a wand of teleportation (2/9) for 234 gold pieces
 24284 | Orc:1    | Noticed Urug
 24304 | Orc:1    | Killed Urug
 24335 | Orc:1    | Found Janledalei's Antique Armour Shoppe.
 24410 | Orc:2    | Bought a crystal halberd for 225 gold pieces
 24410 | Orc:2    | Identified the +8 halberd of the Boiling Point {chop, rPois rN+} (You bought it in a shop on level 2 of the Orcish Mines)
 24554 | D:10     | Lost mutation: You are occasionally teleported next to monsters. [potion of cure mutation]
 24554 | D:10     | Lost mutation: You possess an exceptional clarity of mind. [potion of cure mutation]
 25283 | D:15     | Entered Level 15 of the Dungeon
 25392 | D:15     | Noticed Kirke
 25423 | D:15     | Killed Kirke
 25423 | D:15     | Reached skill level 9 in Invocations
 25507 | D:15     | Found a staircase to the Depths.
 25508 | D:15     | Noticed a fire giant
 25533 | D:15     | Found Nucajule's Food Emporium.
 25587 | D:15     | Found Jaugam's Book Shoppe.
 25598 | D:15     | Bought a book of Maledictions for 275 gold pieces
 25600 | D:15     | Learned a level 1 spell: Corona
 25604 | D:15     | Learned a level 3 spell: Confuse
 25608 | D:15     | Learned a level 3 spell: Tukima's Dance
 25654 | D:15     | Reached skill level 15 in Dodging
 25654 | D:15     | Reached skill level 1 in Hexes
 25677 | D:15     | Noticed Ferkelamun's ghost (journeyman MiFi)
 25741 | D:15     | Banished Ferkelamun's ghost
 25806 | D:15     | Noticed a fire giant
 25819 | D:15     | Killed a fire giant
 25819 | D:15     | Reached skill level 2 in Hexes
 25916 | D:15     | Found Kecwimpa's Food Shop.
 26022 | D:15     | Killed a fire giant
 26022 | D:15     | Reached skill level 10 in Fighting
 26279 | Snake:1  | Entered Level 1 of the Snake Pit
 26290 | Lair:4   | Reached skill level 3 in Hexes
 26359 | Snake:1  | Reached XP level 16. HP: 122/122 MP: 22/22
 26414 | Snake:1  | Reached skill level 4 in Hexes
 26876 | Snake:1  | Reached skill level 5 in Hexes
 27010 | Snake:1  | Got a faintly humming scale mail
 27021 | Snake:1  | Identified the +5 scale mail of Cheibriados's Approval {+Inv rElec SInv} (You found it on level 1 of the Snake Pit)
 27121 | Snake:1  | Found a sacrificial altar of Ru.
 27393 | Snake:1  | Reached skill level 1 in Evocations
 27454 | Snake:2  | Noticed Azrael
 27473 | Snake:2  | Killed Azrael
 27622 | Snake:2  | Found a bloodstained altar of Trog.
 27708 | Snake:2  | Reached skill level 6 in Hexes
 27836 | Snake:2  | Noticed Aizul
 27870 | Snake:2  | Killed Aizul
 27870 | Snake:2  | Reached skill level 2 in Evocations
 28374 | Snake:2  | Reached skill level 7 in Hexes
 28726 | Snake:3  | Reached skill level 16 in Dodging
 28883 | Snake:3  | Noticed Norris
 28918 | Snake:3  | Killed Norris
 28918 | Snake:3  | Reached skill level 3 in Armour
 28918 | Snake:3  | Reached skill level 3 in Evocations
 29106 | Snake:3  | Reached skill level 8 in Hexes
 29825 | Snake:4  | Entered Level 4 of the Snake Pit
 30593 | Snake:4  | Reached skill level 4 in Evocations
 30617 | Snake:4  | Reached skill level 9 in Hexes
 30638 | Snake:4  | Noticed Vashnia
 30674 | Snake:4  | Reached XP level 17. HP: 48/129 MP: 24/24
 30682 | Snake:4  | HP: 5/129 [Vashnia/bolt (24)]
 30683 | Snake:4  | Shot with a bolt by Vashnia

Skill      XL: |  1  2  3  4  5  6  7  8  9 10 11 12 13 14 15 16 |
---------------+-------------------------------------------------+-----
Axes           | 1 2 3 5 6 7 10 12 14 16 18 | 18.0
Fighting       | 4 6 8 10 | 10.7
Armour         | 1 2 3 |  3.3
Stealth        | 3 4 |  4.0
Dodging        | 4 10 12 15 16 | 16.3
Invocations    | 5 7 9 |  9.9
Hexes          | 3 9 |  9.0
Evocations     | 4 |  4.0
Long Blades    | |  2.0
Spellcasting   | |  0.5

Action                   |  1- 3 |  4- 6 |  7- 9 | 10-12 | 13-15 | 16-18 || total
-------------------------+-------+-------+-------+-------+-------+-------++-------
Melee: Broad axe         |   116 |    76 |   235 |   417 |  2065 |       ||  2909
       Bite              |     7 |     9 |    47 |   158 |   303 |    78 ||   602
       Spear             |       |    50 |   247 |   833 |       |       ||  1130
       Hand axe          |       |       |     6 |    73 |    49 |       ||   128
       Halberd           |       |       |       |       |    56 |   719 ||   775
       Glaive            |       |       |       |       |    22 |       ||    22
       Battleaxe         |       |       |       |       |    18 |       ||    18
Throw: Stone             |       |       |     1 |       |       |       ||     1
       Throwing net      |       |       |       |     1 |       |       ||     1
 Cast: Corona            |       |       |       |       |     1 |    21 ||    22
       Confuse           |       |       |       |       |       |     3 ||     3
       Tukima's Dance    |       |       |       |       |       |     3 ||     3
Invok: Depart the Abyss  |     1 |       |       |       |       |       ||     1
       Bend Space        |       |       |       |     5 |     3 |     7 ||    15
       Banish            |       |       |       |       |       |     7 ||     7
 Abil: Evoke Invisibilit |       |       |       |       |       |     1 ||     1
Evoke: Deck              |       |       |       |     2 |       |       ||     2
       Wand              |       |       |       |     3 |     1 |     6 ||    10
  Use: Potion            |     1 |       |       |    19 |    77 |    40 ||   137
       Scroll            |     6 |     5 |    14 |    12 |    13 |     3 ||    53
 Stab: Sleeping          |     1 |       |       |     8 |    16 |     2 ||    27
       Distracted        |       |       |     3 |     1 |     5 |       ||     9
       Confused          |       |       |       |       |       |     4 ||     4
  Eat: Corpse            |    11 |     8 |    17 |    34 |       |       ||    70
Armor: Leather armour    |    22 |       |       |       |       |       ||    22
       Troll leather arm |    15 |    24 |   150 |   332 |   427 |    32 ||   980
       Scale mail        |       |       |       |       |    16 |   157 ||   173
       Skin              |       |       |       |       |    11 |       ||    11
Dodge: Dodged            |    88 |    69 |   229 |   427 |  1347 |   474 ||  2634

Table legend:
 A = Turns spent in this place as a percentage of turns spent in the entire game.
 B = Non-inter-level travel turns spent in this place as a percentage of non-inter-level travel turns spent in the entire game.
 C = Inter-level travel turns spent in this place as a percentage of turns spent in this place.
 D = Turns resting spent in this place as a percentage of non-inter-level travel turns spent in this place.
 E = Turns spent auto-exploring this place as a percentage of non-inter-level travel turns spent in this place.
 F = Non-inter-level travel turns spent in this place divided by the number of levels of this place that you've seen.
                   A       B       C       D       E      F
               +-------+-------+-------+-------+-------+----------------------
         Total | 100.0 | 100.0 |   0.4 |   1.2 |   0.3 | 692.9
       Dungeon |  44.8 |  44.7 |   0.6 |   0.7 |   0.4 | 681.5
          Lair |  29.9 |  29.9 |   0.4 |   0.7 |   0.1 | 855.1
     Snake Pit |  13.4 |  13.4 |   0.2 |   4.0 |   0.3 | 767.5
  Orcish Mines |   7.0 |   7.0 |   0.3 |   0.8 |   0.2 | 796.0
         Abyss |   0.3 |   0.3 |   0.0 |   0.0 |   0.0 |  35.0
       Ossuary |   1.2 |   1.2 |   0.0 |   5.5 |   0.0 | 275.0
      Ice Cave |   3.5 |   3.5 |   0.0 |   2.0 |   0.0 | 795.0
               +-------+-------+-------+-------+-------+----------------------

Table legend:
 A = Kills in this place as a percentage of kills in entire the game.
 B = Kills by you in this place as a percentage of kills by you in the entire game.
 C = Kills by friends in this place as a percentage of kills by friends in the entire game.
 D = Other kills in this place as a percentage of other kills in the entire game.
 E = Experience gained in this place as a percentage of experience gained in the entire game.
 F = Experience gained in this place divided by the number of levels of this place that you have seen.
                   A       B       C       D       E      F
               +-------+-------+-------+-------+-------+----------------------
         Total | 100.0 | 100.0 |  -nan | 100.0 | 100.0 | 6543.8
       Dungeon |  38.1 |  38.2 |  -nan |  16.7 |  26.7 | 3849.5
          Lair |  33.0 |  33.2 |  -nan |   0.0 |  31.6 | 8519.2
     Snake Pit |  12.0 |  11.6 |  -nan |  83.3 |  29.3 | 15812.5
  Orcish Mines |   9.8 |   9.9 |  -nan |   0.0 |   6.6 | 7078.5
       Ossuary |   3.0 |   3.1 |  -nan |   0.0 |   0.4 | 961.0
      Ice Cave |   4.0 |   4.1 |  -nan |   0.0 |   5.4 | 11681.0
               +-------+-------+-------+-------+-------+----------------------

Vault maps used:
D:1:      roderic_chinese_lattice_arrival
D:2:      first_bread
D:3:      grunt_pakellas_mercury
D:4:      minmay_temple_entry_mist, cheibrodos_ashenzari_chains
D:6:      uniq_eustachio
D:7:      makhleb_grotto_becter, lightli_ossuary_entry_decrepit_ruins
D:8:      zin_angel, hangedman_tree_tricks, hangedman_abyss_or_decor_stabs,
          uniq_erica
D:10:     minmay_lair_entry_grove, st_stairs_1, uniq_grum
D:11:     basic_altar, corexii_hall_statues_i
D:12:     cheibrodos_breeding_chamber, orc_0_dummy, basic_altar
D:13:     lightli_vaults_fourway_checkpoint, serial_shops,
          nicolae_shop_behind_doors, shop, shop, shop, hangedman_decor_lopped
D:14:     minmay_stone_trees_small
D:15:     grunt_enter_depths_giant_problem, minmay_misc_feat_diagonals,
          serial_shops, nicolae_shop_behind_doors,
          nicolae_shop_scaring_up_business, shop, wad_dig_loot, uniq_kirke
Lair:1:   grunt_megastairs_1
Lair:2:   infiniplex_staircase_pool, grunt_megastairs_2
Lair:3:   minmay_shoals_entry_beasts, basic_altar
Lair:4:   guppyfry_snake_entry_island
Lair:5:   portal_ice_cave_entry_ice_beasts, grunt_megastairs_4
Lair:6:   lemuel_fruit_fields
Lair:7:   slime_altar_1
Lair:8:   minmay_lair_end_enchanted_forest, uniq_rupert, uniq_josephine
Snake:1:  basic_altar, nrook_guardian_serpent_ordinary
Snake:2:  basic_altar, uniq_aizul, uniq_azrael
Snake:3:  basic_loot_grate_trap, uniq_norris
Snake:4:  minmay_snake_end_coiled, st_stairs_8, uniq_vashnia
Orc:1:    serial_shops, shop, uniq_urug
Orc:2:    grunt_orc_tribal_feast
Ossuary:  ossuary_zaba_flooded
IceCv:    ice_cave_caverns_03
